 Dungeon Crawl Stone Soup version 0.29.1-15-g9cfb28693d (webtiles) character file.

Game seed: 14419165703442690380

39 manyhoops the Insei (level 3, -1/24 HPs)
             Began as an Octopode Transmuter on Apr 9, 2023.
             Hit by a javelin thrown by an orc (6 damage)
             ... on level 2 of the Dungeon.
             The game lasted 00:02:21 (1174 turns).

manyhoops the Insei (Octopode Transmuter)           Turns: 1174, Time: 00:02:22

Health: -1/24      AC:  1    Str: 11    XL:     3   Next: 45%
Magic:  4/6        EV: 13    Int: 15    God:
Gold:   97         SH:  0    Dex: 12    Spells: 3/6 levels left

rFire   . . .      SeeInvis +     - Unarmed
rCold   . . .      Faith    .   (no shield)
rNeg    . . .      Spirit   .   (helmet currently unavailable)
rPois   .          Reflect  .   (no amulet)
rElec   .          Harm     .   g - ring of see invisible
rCorr   .          Rampage  .   (no ring)
Will    .....                   (no ring)
Stlth   ++........              (no ring)
HPRegen 0.08/turn               (no ring)
MPRegen 0.10/turn               (no ring)
                                (no ring)
                                (no ring)

@: appendages (expiring), wereblooded
A: tentacle spike 3, almost no armour, amphibious, 8 rings, camouflage 1,
gelatinous body 1, (nimble swimmer 1), tentacles
a: End Transformation


You were on level 2 of the Dungeon.
One of your tentacles had grown a beastly spike.
You visited 1 branch of the dungeon, and saw 2 of its levels.

You collected 97 gold pieces.

Inventory:

Jewellery
 g - a ring of see invisible (left tentacle)
Scrolls
 c - a scroll of identify
 e - a scroll of vulnerability
 f - a scroll of noise
 h - a scroll of blinking {unknown}
Potions
 a - a potion of lignification
 b - a potion of degeneration {unknown}
 d - 2 potions of mutation {unknown}
 i - a potion of heal wounds {unknown}
 j - a potion of haste {unknown}


   Skills:
 * Level 1.9 Fighting
 - Level 2.0 Dodging
 + Level 4.0 Unarmed Combat
 - Level 2.0 Spellcasting
 - Level 2.0 Transmutations


You had 3 spell levels left.
You knew the following spells:

 Your Spells              Type           Power      Damage    Failure   Level
a - Beastly Appendage     Tmut           14%        N/A       10%         1
b - Wereblood             Tmut           7%         N/A       14%         2

Your spell library contained the following spells:

 Spells                   Type           Power      Damage    Failure   Level
 Spider Form              Tmut/Pois      4%         N/A       41%         3
 Gell's Gravitas          Tloc           1%         N/A       54%         3
 Lesser Beckoning         Tloc           1%         N/A       54%         3
 Teleport Other           Tloc           1%         N/A       54%         3
 Ice Form                 Ice/Tmut       4%         N/A       82%         4


Dungeon Overview and Level Annotations

Branches:
Dungeon (2/15)

Altars:

Shops:
D:2 [


Innate Abilities, Weirdness & Mutations

One of your tentacles has grown a beastly spike.
You cannot wear most types of armour.
You are amphibious.
You can wear up to eight rings at the same time.
Your skin changes colour to match your surroundings (Stealth+).
Your rubbery body absorbs attacks. (AC +1, EV +1)
((You are camouflaged when in or above water. (Stealth+)))
You have tentacles for arms and can constrict up to eight enemies at once.


Message History

Your Unarmed Combat skill increases to level 4!
You tentacle-slap the hobgoblin. Your grab misses the hobgoblin.
The hobgoblin is severely wounded.
The hobgoblin closely misses you.
You barely miss the hobgoblin. You grab the hobgoblin.
You pierce the hobgoblin.
You kill the hobgoblin!
The dart slug briefly extends its eye-stalks.
Found a stone staircase leading up.
An orc comes into view. It is wielding a +0 mace.
You see here a hobgoblin corpse.
The dart slug closely misses you.
You tentacle-slap the dart slug. You grab the dart slug.
You squeeze the dart slug.
The dart slug is heavily wounded.
You constrict the dart slug. The dart slug barely misses you.
You bludgeon the dart slug!
You kill the dart slug!
Your transformation is almost over.
An endoplasm and an orc priest come into view.
The endoplasm quivers.
The orc priest shouts!
You hear a shout! x2
An orc comes into view. It is wielding a +0 falchion.
The orc throws a javelin.
The javelin barely misses you.
An orc and an orc wizard come into view.
The orc is wielding a +2 vorpal flail.
The orc priest mumbles some strange prayers to Beogh against you.
Beogh smites you!
You barely miss the orc. You grab the orc.
You pierce the orc, but do no damage.
You constrict the orc, but do no damage.
The orc drinks a potion.
The orc suddenly seems more resistant.
The orc hits you with a +0 mace!
* * * LOW HITPOINT WARNING * * *
Unknown command.
Okay, then.
Okay, then.
You release your grip on the orc.
The orc throws a javelin.
The javelin pierces through you.
You die...

..####......+∩+. .######
#? #....#.#†#'#.
.......###.##..#.#......#
........##.##....###.....
.........#...............
.....?...........######.#
.........##$..##.# ..#
.........#†.#.##.# #.#
..oooJo.@.....##.. ##.#
....o....#######.## ...
........## .# ##.
#.##...## #[ . .<... #.
.....# #.. ....## .. ....
. # ##


You could see an orc priest, an orc wizard, 3 orcs and an endoplasm.

Vanquished Creatures
  A dart slug (D:2)
  3 ball pythons (D:2)
  4 endoplasms (D:1)
  A giant cockroach (D:1)
  5 goblins
  3 hobgoblins
  4 kobolds
  A quokka (D:2)
  4 bats
  3 frilled lizards (D:1)
  3 rats
32 creatures vanquished.

Notes
Turn   | Place    | Note
-------+----------+-------------------------------------------
     0 | D:1      | manyhoops the Octopode Transmuter began the quest for the
                  | Orb.
     0 | D:1      | Reached XP level 1. HP: 13/13 MP: 3/3
   407 | D:1      | Reached XP level 2. HP: 12/18 MP: 5/5
   987 | D:2      | Reached XP level 3. HP: 23/24 MP: 4/6
   993 | D:2      | Learned a level 2 spell: Wereblood
  1129 | D:2      | Found Cooroh's Armour Shop.
  1165 | D:2      | Reached skill level 4 in Unarmed Combat
  1174 | D:2      | Hit by a javelin thrown by an orc

Illustrated notes

Levels and vault maps discovered:
D:1:      dpeg_arrival_fog, layout_rooms
D:2:      layout_rooms, serial_shops, nicolae_shop_behind_doors

Skill      XL: |  1  2  3 |
---------------+----------+-----
Unarmed Combat | 4 |  4.0
Fighting       | |  1.9
Dodging        | |  2.0
Spellcasting   | |  2.0
Transmutations | |  2.0

Action                   || total
-------------------------++-------
Melee: Unarmed           ||    53
       Tentacles         ||     7
       Punch             ||     3
       Constrict         ||    17
       Kick              ||    10
 Cast: Beastly Appendage ||    11
       Wereblood         ||     2
  Use: Scroll            ||     2
 Stab: Sleeping          ||     5
Armor: Skin              ||     2
Dodge: Dodged            ||    16
